 Dungeon Sprint DCSS version 0.22-a0-570-g58866f5d57 (webtiles) character file.

281552 Kefah the Blood Saint (level 18, -23/142 HPs)
             Began as a Demonspawn Fighter on June 30, 2018.
             Was the Champion of Yredelemnul.
             Killed from afar by an orb of fire (34 damage)
             ... with a fireball
             ... in the Dungeon (Sprint IX: "|||||||||||||||||||||||||||||").
             The game lasted 00:20:41 (7075 turns).

Kefah the Blood Saint (Demonspawn Fighter)          Turns: 7075, Time: 00:20:42

Health: -23/142    AC: 40    Str: 25      XL:     18   Next: 16%
Magic:  35/35      EV: 20    Int: 12 (13) God:    Yredelemnul [******]
Gold:   1411       SH: 21    Dex: 30      Spells: 17/17 levels left

rFire    + . .     SeeInvis .   W - +9 demon whip (vamp)
rCold    + + .     Gourm    .   S - +1 shield {reflect}
rNeg     . . .     Faith    .   Y - +8 gold dragon scales
rPois    +         Spirit   .   p - +0 helmet
rElec    +         Reflect  +   y - scarf {cloud immunity}
rCorr    .         Harm     .   Z - -1 pair of gloves of Reason {rF+ Int-2 Dex+7}
MR       +....     NoTele   +   (boots unavailable)
Stlth    ..........             P - amulet of regeneration
HPRegen  0.73/turn              Q - ring "Vuczat" {MR+ Int+6 Dex+3}
MPRegen  0.24/turn              T - ring "Goush" {Ice rElec MR- Dex+6}

@: agile, starving, studying Axes
A: hooves 3, iridescent scales 2, clumsy 2, deterioration 2, frail 2, sense
surroundings 1, poison resistance, powered by pain 1, screaming 1, augmentation
1, rot immunity
}: 5/15 runes: decaying, serpentine, barnacled, silver, gossamer
a: Recall Undead Slaves, Injury Mirror, Animate Dead, Drain Life, Enslave Soul,
Renounce Religion


You were in the Dungeon.
You worshipped Yredelemnul.
Yredelemnul was exalted by your worship.
You were starving.

You visited 1 branch You collected 1971 gold pieces.
You spent 560 gold pieces at shops.

Inventory:

Hand Weapons
 o - a +2 morningstar of protection
 G - a +1 demon blade
 W - a +9 vampiric demon whip (weapon)
Armour
 p - a +0 helmet (worn)
 y - a scarf of cloud immunity (worn)
 J - a +1 pair of gloves
 L - a +2 plate armour of cold resistance
 S - a +1 shield of reflection (worn)
 X - a +2 pair of gloves
 Y - +8 gold dragon scales (worn)
 Z - the -1 pair of gloves of Reason (worn) {rF+ Int-2 Dex+7}
   (You took it off Nikola in the Dungeon)

   It affects your intelligence (-2).
   It affects your dexterity (+7).
   It protects you from fire.
Jewellery
 r - a +2 ring of evasion
 s - a +3 ring of strength
 w - an uncursed ring of magical power {unknown}
 C - an uncursed ring of protection from fire
 D - an uncursed ring of protection from cold
 E - an uncursed amulet of the gourmand
 F - an uncursed ring of fire
 H - the ring "Cuhi" {Str+2 Int+2}
   (You found it in the Dungeon)

   [ring of strength]

   It affects your strength (+2).
   It affects your intelligence (+2).
 I - the ring "Cucig" {Wiz Str+8 Int+3 Stlth-}
   (You found it in the Dungeon)

   [ring of wizardry]

   It improves your spell success rate.
   It affects your strength (+8).
   It affects your intelligence (+3).
   It makes you less stealthy.
 M - a +6 ring of intelligence
 N - a +6 ring of dexterity
 O - a +6 ring of intelligence
 P - an amulet of regeneration (around neck)
 Q - the ring "Vuczat" (left hand) {MR+ Int+6 Dex+3}
   (You found it in the Dungeon)

   [ring of intelligence]

   It affects your intelligence (+6).
   It affects your dexterity (+3).
   It affects your resistance to hostile enchantments.
 T - the ring "Goush" (right hand) {Ice rElec MR- Dex+6}
   (You found it in the Dungeon)

   [ring of ice]

   It enhances your ice magic.
   It affects your dexterity (+6).
   It makes you vulnerable to fire.
   It protects you from cold.
   It insulates you from electricity.
   It affects your resistance to hostile enchantments.
 U - the ring "Tanuohi" {*Drain rN++ Str-2 Dex+3}
   (You found it in the Dungeon)

   [ring of strength]

   It affects your strength (-2).
   It affects your dexterity (+3).
   It greatly protects you from negative energy.
   It causes draining when unequipped.
 V - the ring "Koik" {Int+8 Stlth+}
   (You found it in the Dungeon)

   [ring of stealth]

   It affects your intelligence (+8).
   It makes you more stealthy.
Wands
 n - a wand of iceblast (6)
Scrolls
 j - 5 scrolls of fear
 k - 6 scrolls of blinking
 l - 8 scrolls of remove curse
 m - 2 scrolls of amnesia
 t - 3 scrolls of identify
 u - 2 scrolls of fog
 R - 2 scrolls of enchant weapon
Potions
 a - 3 potions of resistance
 b - 2 potions of brilliance
 d - a potion of invisibility
 e - 9 potions of heal wounds
 g - 7 potions of curing
 h - 9 potions of haste
 i - 3 potions of magic
 z - a potion of might
 A - 4 potions of mutation
 B - 3 potions of berserk rage
 K - a potion of agility
Books
 x - a manual of Axes
Miscellaneous
 q - a phantom mirror
Comestibles
 f - 11 rations


   Skills:
 + Level 25.7 Fighting
 + Level 24.0 Maces & Flails
 + Level 23.8 Armour
 + Level 10.7 Dodging
 + Level 25.2 Shields
 O Level 27 Invocations


You had 17 spell levels left.
You didn't know any spells.
Your spell library contained the following spells:

 Spells                   Type           Power        Failure   Level  Hunger
 Magic Dart               Conj           #...         97%         1    ##.....
 Conjure Flame            Conj/Fire      #.......     100%        3    ####...
 Invisibility             Hex            #.......     100%        6    #######
 Freezing Cloud           Conj/Ice/Air   #.........   100%        6    #######
 Mephitic Cloud           Conj/Pois/Air  #.......     100%        3    ####...
 Ring of Flames           Chrm/Fire      #.........   100%        7    #######
 Iskenderun's Mystic Bla  Conj           #.......     100%        4    #####..
 Swiftness                Chrm/Air       #.......     99%         2    ###....
 Deflect Missiles         Chrm/Air       #.........   100%        6    #######
 Passwall                 Tmut/Erth      #.......     99%         2    ###....
 Silence                  Hex/Air        #.........   100%        5    ######.
 Lee's Rapid Deconstruct  Erth           #.........   100%        5    ######.
 Conjure Ball Lightning   Conj/Air       #.........   100%        6    #######
 Passage of Golubria      Tloc           N/A          100%        4    #####..
 Tornado                  Air            #.........   100%        9    #######
 Darkness                 Hex            #.........   100%        6    #######
 Fulminant Prism          Conj/Hex       #.........   100%        4    #####..
 Dazzling Spray           Conj/Hex       #.....       100%        3    ####...
 Force Lance              Conj/Tloc      #.......     100%        4    #####..
 Searing Ray              Conj           #.....       99%         2    ###....
 Summon Lightning Spire   Summ/Air       #.......     100%        4    #####..
 Poisonous Vapours        Pois/Air       #.....       99%         2    ###....


Dungeon Overview and Level Annotations

Branches:
Dungeon (1/1)

Altars:
Cheibriados
Dithmenos
Elyvilon
Fedhas
Gozag
Hepliaklqana
Kikubaaqudgha
Makhleb
Nemelex Xobeh
Okawaru
Qazlal
Ru
Sif Muna
Trog
Uskayaw
Vehumet
Wu Jian
Xom
Yredelemnul
Zin
The Shining One
Beogh
Jiyva
Lugonu

Shops:
D [:!%


Innate Abilities, Weirdness & Mutations

You have hooves in place of feet.
You are mostly covered in iridescent scales. (AC +4)
You sometimes gain a little power by taking damage.
Your magical and physical power is slightly enhanced at high health.
You are immune to rotting.
You are very clumsy. (Dex -4)
Your body often deteriorates upon taking damage.
You are very frail. (-20% HP)
You passively map a small area around you.
Your system is resistant to poisons. (rPois)
You occasionally shout uncontrollably at your foes.


Message History

The fireball explodes!
The fireball engulfs you! You resist.
* * * LOW HITPOINT WARNING * * *
The fireball engulfs the orb of fire.
The orb of fire completely resists.
You feel much better.
The electric golem blinks!
The orb of fire glows bright magenta.
Strange energies course through your body.
You feel frail.
The orb of fire emits a lurid red light.
The bolt of fire hits the orb of fire.
The orb of fire completely resists.
The bolt of fire hits you! You resist.
* * * LOW HITPOINT WARNING * * *
Unknown command.
You miss the orb of fire. You kick the orb of fire!
The orb of fire is almost destroyed.
You hit the orb of fire. Your kick misses the orb of fire.
The orb of fire is almost destroyed.
The orb of fire glows red.
The fireball explodes!
The fireball engulfs you! You resist.
You die...
Your body rises from the dead as a mindless zombie.

* ▓)▓z▓z▓V▓.▓V▓.▓.▓V
, ,*
▓'▓.▓z▓V▓)▓V▓.▓V♣W
▓8▓z▓)▓V▓.▓V▓[▓V♣. *
* ,▓§▓.▓)▓V▓.▓V▓A▓V♣V
▓)▓z▓[▓V▓.▓V▓A▓V♣V *
▓d▓.▓)▓V▓.▓V▓V▓V♣V
+*,▓*▓z▓z▓V▓V▓V▓V▓V♣W
* ▓*▓.▓z▓V▓.▓V▓)▓V♣z
,▓@▓z▓W▓V▓.▓V▓W▓V♣W *
▓)▓.▓z▓V▓.▓V▓V▓V♣† ,
▓)▓z▓z▓V▓.▓V▓)▓V♣† *
▓)▓.▓V▓V▓.▓V▓)▓V♣W ,*
▓'▓z▓W▓V▓V▓V▓W▓.♣z ,
▓.▓.▓z▓V▓.▓V▓.▓V♣z
▓.▓z▓z▓V▓'▓V▓V▓V♣z *
,* ▓.▓V▓z▓.▓.▓.▓.▓.▓V
▓Z▓.▓V▓n▓.▓n▓V▓W▓V


You could see 2 orbs of fire, an electric golem and a green draconian.

Vanquished Creatures
  An ancient lich (D)
  An orb of fire (D)
  A caustic shrike (D)
  2 golden dragons (D)
  An electric golem (D)
  14 Orb Guardians (D)
  3 quicksilver dragons (D)
  A death cob (D)
  A shadow dragon (D)
  2 draconian monks (D)
  A storm dragon (D)
  A ghost moth (D)
  A draconian knight (D)
  Louise (D)
  3 draconian stormcallers (D)
  An emperor scorpion (D)
  A frost giant (D)
  Aizul (D)
  2 draconian shifters (D)
  2 stone giants (D)
  2 green draconians (D)
  3 black draconians (D)
  2 dire elephants (D)
  A yellow draconian (D)
  3 red draconians (D)
  An ettin (D)
  2 white draconians (D)
  A purple draconian (D)
  2 fire dragons (D)
  15 vault guards (D)
  A great orb of eyes (D)
  A hydra (D)
  2 naga warriors (D)
  An anaconda (D)
  A merfolk aquamancer (D)
  A two-headed ogre (D)
  A satyr (D)
  A naga sharpshooter (D)
  Sonja (D)
  A sea snake (D)
  7 orc knights (D)
  An orc sorcerer (D)
  A deep elf mage (D)
  A manticore (D)
  A salamander (D)
  A cyclops (D)
  7 elephants (D)
  A merfolk siren (D)
  4 moths of wrath (D)
  A water nymph (D)
  2 black mambas (D)
  A vault sentinel (D)
  A spiny frog (D)
  An efreet (D)
  2 yaktaurs (D)
  A demonic crawler (D)
  A freezing wraith (D)
  A troll (D)
  A merfolk (D)
  A blink frog (D)
  A tarantella (D)
  A wraith (D)
  A redback (D)
  4 nagas (D)
  2 water moccasins (D)
  An acid dragon (D)
  3 porcupines (D)
  A phantom (D)
  13 orc warriors (D)
  3 wolves (D)
  A centaur (D)
  A crocodile (D)
  A bullfrog (D)
  A scorpion (D)
  2 orc priests (D)
  4 orc wizards (D)
  An iguana (D)
  A worker ant (D)
  A shadow imp (D)
  9 orcs (D)
  A bat skeleton (D)
  3 giant cockroaches (D)
  A hobgoblin (D)
  A jackal (D)
  A kobold (D)
180 creatures vanquished.

Vanquished Creatures (collateral kills)
  An orb of fire (D)
  An ancient lich (D)
  Sojobo (D)
  Frederick (D)
  Boris (D)
  Saint Roka (D)
  A curse toe (D)
  A golden dragon (D)
  Nikola (D)
  Jory (D)
  An electric golem (D)
  A lich (D)
  A tentacled monstrosity (D)
  2 Orb Guardians (D)
  Rupert (D)
  A titan (D)
  A sphinx (D)
  Agnes (D)
  2 tengu reavers (D)
  8 shadow dragons (D)
  4 nagarajas (D)
  Ilsuiw (D)
  A vault warden (D)
  3 frost giants (D)
  A ghost moth (D)
  A ghoul (D)
  5 emperor scorpions (D)
  3 very ugly things (D)
  2 ironheart preservers (D)
  5 entropy weavers (D)
  2 stone giants (D)
  2 spark wasps (D)
  A black draconian (D)
  A purple draconian (D)
  A yellow draconian (D)
  An ettin (D)
  6 merfolk javelineers (D)
  2 merfolk impalers (D)
  2 yaktaur captains (D)
  A fire dragon (D)
  A naga warrior (D)
  6 hydras (D)
  10 vault guards (D)
  2 spriggan air magi (D)
  2 ice dragons (D)
  3 centaur warriors (D)
  An alligator (D)
  3 merfolk aquamancers (D)
  2 ogre magi (D)
  2 tengu warriors (D)
  5 orc high priests (D)
  A hell knight (D)
  2 unseen horrors (D)
  2 glowing orange brains (D)
  5 swamp dragons (D)
  5 orc knights (D)
  A lindwurm (shapeshifter) (D)
  A wizard (D)
  2 ironbrand convokers (D)
  A necromancer (D)
  An orb spider (D)
  2 wolf spiders (D)
  An ugly thing (D)
  A manticore (D)
  7 moths of wrath (D)
  3 guardian serpents (D)
  3 vault sentinels (D)
  3 demonic crawlers (D)
  3 spiny frogs (D)
  3 freezing wraiths (D)
  A komodo dragon (D)
  3 yaktaurs (D)
  A merfolk (D)
  2 jumping spiders (D)
  A hornet (D)
  2 hippogriffs (D)
  3 bog bodies (D)
  A blink frog (D)
  A polar bear (shapeshifter) (D)
  A hippogriff (shapeshifter) (D)
  A snapping turtle (D)
  2 slime creatures (D)
  A shadow (D)
  A redback (D)
  A vampire (D)
  Grum (D)
  Eustachio (D)
  A vampire mosquito (D)
  An acid dragon (D)
  3 nagas (D)
  A porcupine (D)
  2 swamp drakes (D)
  An ice beast (D)
  3 boggarts (D)
  A wolf (D)
  A centaur (D)
  3 crocodiles (D)
  3 bullfrogs (D)
  A jackal skeleton (D)
203 creatures vanquished.

Vanquished Creatures (others)
  2 bone dragons (D)
  8 profane servitors (D)
  A death cob (D)
  13 ghouls (D)
  13 vampire knights (D)
  10 skeletal warriors (D)
  10 flayed ghosts (D)
  10 phantasmal warriors (D)
  2 moths of wrath (D)
  A hydra zombie (D)
  An alligator zombie (D)
  8 flying skulls (D)
  9 vampires (D)
  6 orc zombies (D)
  4 spiny frog zombies (D)
  A two-headed ogre zombie (D)
  A swamp drake (D)
  A blink frog zombie (D)
  A water moccasin zombie (D)
  A troll zombie (D)
  3 wights (D)
  A bullfrog zombie (D)
  A porcupine zombie (D)
  A mummy (D)
  A swamp drake zombie (D)
110 creatures vanquished.

Grand Total: 493 creatures vanquished

Notes
Turn   | Place    | Note
-------+----------+-------------------------------------------
     0 | D        | Kefah the Demonspawn Fighter began the quest for the Orb.
     0 | D        | Reached XP level 1. HP: 18/18 MP: 1/1
   113 | D        | Noticed a scorpion
   113 | D        | Noticed an orc wizard
   113 | D        | Noticed an iguana
   113 | D        | Noticed a centaur
   124 | D        | Killed an orc wizard
   124 | D        | Gained mutation: You are partially covered in iridescent scales. (AC +2) [demonic ancestry]
   124 | D        | Reached XP level 2. HP: 1/24 MP: 2/2
   124 | D        | Gained mutation: You have large cloven feet. [demonic ancestry]
   124 | D        | Reached XP level 3. HP: 2/29 MP: 3/3
   124 | D        | HP: 1/29 [centaur (1)]
   125 | D        | Killed a centaur
   125 | D        | Gained mutation: You are immune to rotting. [demonic ancestry]
   125 | D        | Reached XP level 4. HP: 1/35 MP: 4/4
   129 | D        | Reached XP level 5. HP: 14/41 MP: 5/5
   134 | D        | Reached skill level 10 in Maces & Flails
   143 | D        | HP: 2/41 [poisoned by a scorpion]
   151 | D        | HP: 1/41 [poisoned by a scorpion]
   469 | D        | Found a roughly hewn altar of Beogh.
   469 | D        | Found a snail-covered altar of Cheibriados.
   469 | D        | Found a shadowy altar of Dithmenos.
   469 | D        | Found a white marble altar of Elyvilon.
   469 | D        | Found a blossoming altar of Fedhas.
   469 | D        | Found an opulent altar of Gozag.
   470 | D        | Found a hazy altar of Hepliaklqana.
   471 | D        | Found a viscous altar of Jiyva.
   472 | D        | Found an ancient bone altar of Kikubaaqudgha.
   473 | D        | Found a corrupted altar of Lugonu.
   474 | D        | Found a burning altar of Makhleb.
   475 | D        | Found a sparkling altar of Nemelex Xobeh.
   476 | D        | Found an iron altar of Okawaru.
   477 | D        | Found a stormy altar of Qazlal.
   478 | D        | Found a sacrificial altar of Ru.
   479 | D        | Found a deep blue altar of Sif Muna.
   480 | D        | Found a bloodstained altar of Trog.
   481 | D        | Found a hide-covered altar of Uskayaw.
   482 | D        | Found a radiant altar of Vehumet.
   483 | D        | Found an ornate altar of the Wu Jian Council.
   484 | D        | Found a shimmering altar of Xom.
   491 | D        | Found a basalt altar of Yredelemnul.
   492 | D        | Found a glowing silver altar of Zin.
   493 | D        | Found a glowing golden altar of the Shining One.
   503 | D        | Became a worshipper of Yredelemnul the Dark
   545 | D        | Noticed a two-headed ogre
   545 | D        | Noticed a wraith
   545 | D        | Noticed a water moccasin
   552 | D        | Reached skill level 1 in Invocations
   558 | D        | Killed a water moccasin
   558 | D        | Reached skill level 3 in Invocations
   558 | D        | Gained mutation: You have hoof-like feet. [demonic ancestry]
   558 | D        | Reached XP level 6. HP: 48/48 MP: 5/8
   563 | D        | Killed a wraith
   563 | D        | Reached * piety under Yredelemnul
   563 | D        | Reached skill level 5 in Fighting
   563 | D        | Reached skill level 1 in Dodging
   563 | D        | Reached skill level 5 in Invocations
   566 | D        | Killed a two-headed ogre
   566 | D        | Reached skill level 8 in Invocations
   566 | D        | Gained mutation: You are mostly covered in iridescent scales. (AC +4) [demonic ancestry]
   566 | D        | Reached XP level 7. HP: 59/59 MP: 6/13
   566 | D        | Reached XP level 8. HP: 65/65 MP: 6/14
   571 | D        | Reached ** piety under Yredelemnul
   699 | D        | Noticed a troll
   699 | D        | Noticed a hippogriff
   713 | D        | Killed a hippogriff
   715 | D        | Reached *** piety under Yredelemnul
   722 | D        | Killed a troll
   722 | D        | Reached skill level 9 in Invocations
   845 | D        | Noticed a spiny frog
   845 | D        | Noticed a spiny frog
   845 | D        | Noticed a blink frog
   845 | D        | Noticed a spiny frog
   852 | D        | Received a gift from Yredelemnul (2 flying skulls)
   859 | D        | Killed a spiny frog
   859 | D        | Reached skill level 10 in Invocations
   859 | D        | Gained mutation: You have hooves in place of feet. [demonic ancestry]
   859 | D        | Reached XP level 9. HP: 40/73 MP: 16/16
   859 | D        | Noticed a komodo dragon
   867 | D        | Killed a spiny frog
   870 | D        | Killed a spiny frog
   870 | D        | Reached **** piety under Yredelemnul
   893 | D        | Killed a komodo dragon
  1178 | D        | Noticed a five-headed hydra
  1178 | D        | Noticed an elephant
  1207 | D        | Reached ***** piety under Yredelemnul
  1207 | D        | Reached skill level 11 in Invocations
  1208 | D        | Received a gift from Yredelemnul (a wight)
  1208 | D        | Received a gift from Yredelemnul (a flying skull)
  1245 | D        | Killed an elephant
  1245 | D        | Received a gift from Yredelemnul (a mummy)
  1253 | D        | Killed a five-headed hydra
  1253 | D        | Reached XP level 10. HP: 82/82 MP: 18/18
  1258 | D        | Received a gift from Yredelemnul (a wight)
  1282 | D        | Noticed an elephant
  1282 | D        | Noticed a dire elephant
  1282 | D        | Noticed an elephant
  1282 | D        | Noticed an elephant
  1282 | D        | Noticed an elephant
  1282 | D        | Noticed an elephant
  1284 | D        | Noticed a dire elephant
  1290 | D        | Killed an elephant
  1290 | D        | Reached skill level 12 in Invocations
  1294 | D        | Killed an elephant
  1294 | D        | Received a gift from Yredelemnul (a flying skull)
  1298 | D        | Killed an elephant
  1298 | D        | Reached skill level 13 in Invocations
  1303 | D        | Noticed an elephant
  1308 | D        | HP: 2/83 [dire elephant (11)]
  1315 | D        | Killed a dire elephant
  1323 | D        | Killed a dire elephant
  1323 | D        | Reached skill level 5 in Dodging
  1323 | D        | Reached skill level 14 in Invocations
  1325 | D        | Killed an elephant
  1325 | D        | Reached skill level 15 in Invocations
  1325 | D        | Received a gift from Yredelemnul (a vampire)
  1328 | D        | Killed an elephant
  1328 | D        | Reached skill level 15 in Maces & Flails
  1328 | D        | Received a gift from Yredelemnul (a wight)
  1334 | D        | Killed an elephant
  1334 | D        | Reached XP level 11. HP: 51/90 MP: 10/22
  1541 | D        | Noticed Sonja
  1558 | D        | Killed Sonja
  1628 | D        | Received a gift from Yredelemnul (a flying skull)
  1633 | D        | Received a gift from Yredelemnul (a skeletal warrior)
  1636 | D        | Reached ****** piety under Yredelemnul
  1636 | D        | Reached skill level 16 in Invocations
  1636 | D        | Received a gift from Yredelemnul (2 flying skulls)
  1652 | D        | Received a gift from Yredelemnul (a flying skull)
  1753 | D        | Noticed an orc knight
  1753 | D        | Noticed an orc sorcerer
  1753 | D        | Noticed an orc knight
  1769 | D        | Killed an orc knight
  1769 | D        | Reached skill level 10 in Fighting
  1773 | D        | Killed an orc sorcerer
  1778 | D        | Noticed an orc knight
  1790 | D        | Killed an orc knight
  1790 | D        | Reached skill level 10 in Shields
  1791 | D        | Received a gift from Yredelemnul (a flayed ghost)
  1791 | D        | Received a gift from Yredelemnul (a flayed ghost)
  1800 | D        | Killed an orc knight
  1800 | D        | Reached skill level 17 in Invocations
  1806 | D        | Received a gift from Yredelemnul (a skeletal warrior)
  1880 | D        | Found Pipn's Food Boutique.
  1880 | D        | Noticed an orc high priest
  1880 | D        | Noticed an orc knight
  1880 | D        | Noticed an orc knight
  1880 | D        | Noticed an orc knight
  1880 | D        | Noticed an orc knight
  1886 | D        | Noticed an orc high priest
  1888 | D        | Killed an orc knight
  1893 | D        | Killed an orc knight
  1893 | D        | Received a gift from Yredelemnul (a ghoul)
  1894 | D        | Found Highoymp's Distillery.
  1906 | D        | Killed an orc knight
  1907 | D        | Noticed an orc high priest
  1913 | D        | Killed an orc knight
  1913 | D        | Reached skill level 18 in Invocations
  1913 | D        | Received a gift from Yredelemnul (a phantasmal warrior)
  1916 | D        | Killed an orc high priest
  1917 | D        | Killed an orc high priest
  1931 | D        | Noticed an orc high priest
  1938 | D        | Killed an orc high priest
  1939 | D        | Noticed an orc knight
  1942 | D        | Noticed an orc high priest
  1943 | D        | Killed an orc knight
  1946 | D        | Killed an orc high priest
  1957 | D        | Noticed an orc knight
  1958 | D        | Found Vuifyph's Book Boutique.
  1960 | D        | Found Ubran's Antique Armour Shop.
  1983 | D        | Killed an orc knight
  1983 | D        | Reached skill level 19 in Invocations
  1984 | D        | Received a gift from Yredelemnul (a skeletal warrior)
  1996 | D        | Noticed an orc knight
  1997 | D        | Noticed an orc high priest
  2018 | D        | Killed an orc knight
  2018 | D        | Reached XP level 12. HP: 100/100 MP: 19/25
  2022 | D        | Killed an orc high priest
  2023 | D        | Received a gift from Yredelemnul (a flayed ghost)
  2049 | D        | Bought a glowing scarf for 200 gold pieces
  2053 | D        | Bought a potion of might for 48 gold pieces
  2053 | D        | Bought a potion of heal wounds for 60 gold pieces
  2053 | D        | Bought 2 potions of mutation for 192 gold pieces
  2053 | D        | Bought a potion of berserk rage for 60 gold pieces
  2117 | D        | Noticed Grum
  2127 | D        | Received a gift from Yredelemnul (a vampire knight)
  2131 | D        | Killed Grum
  2263 | D        | Noticed a centaur warrior
  2295 | D        | Killed a centaur warrior
  2307 | D        | Noticed a frost giant
  2324 | D        | Killed a frost giant
  2324 | D        | Reached skill level 20 in Invocations
  2324 | D        | Received a gift from Yredelemnul (a vampire knight)
  2328 | D        | Received a gift from Yredelemnul (a skeletal warrior)
  2329 | D        | Noticed a stone giant
  2330 | D        | Noticed an ogre mage
  2340 | D        | Killed a stone giant
  2340 | D        | Received a gift from Yredelemnul (a profane servitor)
  2343 | D        | Noticed a great orb of eyes
  2347 | D        | Killed an ogre mage
  2353 | D        | Killed a great orb of eyes
  2353 | D        | Reached skill level 21 in Invocations
  2407 | D        | Noticed a stone giant
  2408 | D        | Noticed a tengu warrior
  2417 | D        | Killed a stone giant
  2418 | D        | Killed a tengu warrior
  2444 | D        | Noticed Agnes
  2460 | D        | Killed Agnes
  2479 | D        | Noticed Eustachio
  2490 | D        | Killed Eustachio
  2490 | D        | Reached skill level 22 in Invocations
  2491 | D        | Received a gift from Yredelemnul (a vampire knight)
  2519 | D        | Noticed Rupert
  2525 | D        | Killed Rupert
  2564 | D        | Noticed an alligator
  2584 | D        | Killed an alligator
  2585 | D        | Received a gift from Yredelemnul (a bone dragon)
  2620 | D        | Noticed a satyr
  2623 | D        | Reached skill level 23 in Invocations
  2623 | D        | Received a gift from Yredelemnul (a ghoul)
  2623 | D        | Received a gift from Yredelemnul (a vampire)
  2623 | D        | Noticed a merfolk impaler
  2625 | D        | Reached XP level 13. HP: 107/107 MP: 6/28
  2633 | D        | Killed a merfolk impaler
  2639 | D        | Received a gift from Yredelemnul (a flayed ghost)
  2762 | D        | Reached skill level 24 in Invocations
  2762 | D        | Reached skill level 10 in Armour
  2766 | D        | Received a gift from Yredelemnul (a ghoul)
  2778 | D        | Received a gift from Yredelemnul (a flayed ghost)
  2789 | D        | Received a gift from Yredelemnul (a flayed ghost)
  2793 | D        | Reached skill level 25 in Invocations
  2940 | D        | Noticed an emperor scorpion
  2940 | D        | Noticed a spark wasp
  2952 | D        | Killed a spark wasp
  2953 | D        | Received a gift from Yredelemnul (a vampire knight)
  2971 | D        | Killed an emperor scorpion
  2972 | D        | Received a gift from Yredelemnul (a skeletal warrior)
  2980 | D        | Noticed an entropy weaver
  2982 | D        | Killed an entropy weaver
  2984 | D        | Reached skill level 26 in Invocations
  3334 | D        | Noticed Saint Roka
  3354 | D        | Killed Saint Roka
  3355 | D        | Received a gift from Yredelemnul (a ghoul)
  3399 | D        | Noticed Aizul
  3416 | D        | Killed Aizul
  3640 | D        | Noticed a spark wasp
  3640 | D        | Noticed a fire dragon
  3645 | D        | Reached skill level 27 in Invocations
  3656 | D        | Killed a fire dragon
  3668 | D        | Killed a lich
  3669 | D        | Received a gift from Yredelemnul (a ghoul)
  3669 | D        | Killed a spark wasp
  3703 | D        | Noticed a frost giant
  3713 | D        | Killed a frost giant
  3714 | D        | Received a gift from Yredelemnul (a profane servitor)
  3724 | D        | Received a gift from Yredelemnul (a vampire knight)
  3752 | D        | Noticed an entropy weaver
  3758 | D        | Killed an entropy weaver
  3767 | D        | Reached XP level 14. HP: 113/118 MP: 31/31
  3773 | D        | Killed a brown very ugly thing
  3779 | D        | Received a gift from Yredelemnul (a phantasmal warrior)
  3799 | D        | Noticed an entropy weaver
  3801 | D        | Killed an entropy weaver
  3804 | D        | Received a gift from Yredelemnul (a flayed ghost)
  3806 | D        | Noticed an ironheart preserver
  3811 | D        | Noticed a stone giant
  3813 | D        | Killed an ironheart preserver
  3825 | D        | Killed a stone giant
  3908 | D        | Noticed Jory
  3931 | D        | Killed Jory
  4029 | D        | Found the +11 plutonium sword {*Contam Stlth-}
  4189 | D        | Received a gift from Yredelemnul (a vampire)
  4219 | D        | Got a decaying rune of Zot
  4227 | D        | Noticed Ilsuiw
  4244 | D        | Killed Ilsuiw
  4247 | D        | Reached skill level 15 in Armour
  4253 | D        | Received a gift from Yredelemnul (a vampire knight)
  4281 | D        | Received a gift from Yredelemnul (a profane servitor)
  4303 | D        | Got a barnacled rune of Zot
  4327 | D        | Noticed a nagaraja
  4327 | D        | Noticed a nagaraja
  4328 | D        | Noticed a nagaraja
  4331 | D        | Received a gift from Yredelemnul (a flayed ghost)
  4336 | D        | Killed a nagaraja
  4336 | D        | Reached skill level 15 in Fighting
  4340 | D        | Killed a nagaraja
  4341 | D        | Received a gift from Yredelemnul (a profane servitor)
  4341 | D        | Killed a nagaraja
  4344 | D        | Received a gift from Yredelemnul (a phantasmal warrior)
  4352 | D        | Received a gift from Yredelemnul (a ghoul)
  4360 | D        | Received a gift from Yredelemnul (a phantasmal warrior)
  4372 | D        | Noticed a nagaraja
  4373 | D        | Killed a nagaraja
  4376 | D        | Got a serpentine rune of Zot
  4383 | D        | Noticed an emperor scorpion
  4383 | D        | Noticed an emperor scorpion
  4402 | D        | Killed an emperor scorpion
  4403 | D        | Received a gift from Yredelemnul (a phantasmal warrior)
  4418 | D        | Killed an emperor scorpion
  4424 | D        | Reached skill level 15 in Shields
  4429 | D        | Noticed an emperor scorpion
  4430 | D        | Noticed an emperor scorpion
  4440 | D        | Killed an emperor scorpion
  4450 | D        | Killed an emperor scorpion
  4452 | D        | Noticed an emperor scorpion
  4465 | D        | Killed a ghost moth
  4471 | D        | Killed an emperor scorpion
  4483 | D        | Got a gossamer rune of Zot
  4592 | D        | Noticed a tengu reaver
  4593 | D        | Noticed Sojobo
  4594 | D        | Noticed a tengu reaver
  4602 | D        | Killed a tengu reaver
  4602 | D        | Reached XP level 15. HP: 89/129 MP: 32/32
  4627 | D        | Killed Sojobo
  4628 | D        | Received a gift from Yredelemnul (a vampire knight)
  4634 | D        | Killed a tengu reaver
  4939 | D        | Noticed Frederick
  4951 | D        | Killed Frederick
  5002 | D        | Received a gift from Yredelemnul (a ghoul)
  5006 | D        | Received a gift from Yredelemnul (a vampire)
  5006 | D        | Received a gift from Yredelemnul (a ghoul)
  5022 | D        | Received a gift from Yredelemnul (a profane servitor)
  5036 | D        | Received a gift from Yredelemnul (a vampire knight)
  5042 | D        | Received a gift from Yredelemnul (a vampire)
  5055 | D        | Received a gift from Yredelemnul (a phantasmal warrior)
  5068 | D        | Received a gift from Yredelemnul (a flayed ghost)
  5125 | D        | Noticed a titan
  5125 | D        | Noticed a vault warden
  5141 | D        | Killed a vault warden
  5148 | D        | Killed a titan
  5149 | D        | Received a gift from Yredelemnul (a vampire knight)
  5154 | D        | Received a gift from Yredelemnul (a vampire)
  5156 | D        | Noticed a frost giant
  5159 | D        | Killed a frost giant
  5159 | D        | Noticed an Orb Guardian
  5165 | D        | Killed an Orb Guardian
  5171 | D        | Noticed a shadow dragon
  5171 | D        | Killed a shadow dragon
  5172 | D        | Noticed an Orb Guardian
  5174 | D        | Noticed a sphinx
  5178 | D        | Noticed a shadow dragon
  5181 | D        | Killed an Orb Guardian
  5181 | D        | Received a gift from Yredelemnul (a ghoul)
  5192 | D        | Killed a sphinx
  5193 | D        | Received a gift from Yredelemnul (a phantasmal warrior)
  5211 | D        | Received a gift from Yredelemnul (a skeletal warrior)
  5212 | D        | Reached skill level 10 in Dodging
  5212 | D        | Killed a shadow dragon
  5219 | D        | Received a gift from Yredelemnul (a flayed ghost)
  5244 | D        | Noticed a shadow dragon
  5244 | D        | Noticed a shadow dragon
  5244 | D        | Noticed a shadow dragon
  5244 | D        | Noticed a tentacled monstrosity
  5244 | D        | Noticed a shadow dragon
  5247 | D        | Noticed a golden dragon
  5257 | D        | Killed a tentacled monstrosity
  5263 | D        | Killed a shadow dragon
  5269 | D        | Killed a shadow dragon
  5278 | D        | Killed a shadow dragon
  5279 | D        | Received a gift from Yredelemnul (a phantasmal warrior)
  5287 | D        | Killed a golden dragon
  5287 | D        | Gained mutation: Your magical and physical power is slightly enhanced at high health. [demonic ancestry]
  5287 | D        | Reached XP level 16. HP: 124/145 MP: 10/33
  5297 | D        | Killed a shadow dragon
  5297 | D        | Noticed a shadow dragon
  5298 | D        | Received a gift from Yredelemnul (a ghoul)
  5308 | D        | Killed a shadow dragon
  5318 | D        | Noticed a shadow dragon
  5333 | D        | Killed a shadow dragon
  5363 | D        | Got a silver rune of Zot
  5368 | D        | Got a clouded steel ring
  5369 | D        | Identified the ring "Cuhi" {Str+2 Int+2} (You found it in the Dungeon)
  5380 | D        | Noticed Louise
  5391 | D        | Killed Louise
  5391 | D        | Received a gift from Yredelemnul (a skeletal warrior)
  5413 | D        | Noticed Boris
  5445 | D        | Killed Boris
  5531 | D        | Got the ring "Cucig" {Wiz Str+8 Int+3 Stlth-}
  5533 | D        | Got the ring "Vuczat" {MR+ Int+6 Dex+3}
  5535 | D        | Got the ring "Goush" {Ice rElec MR- Dex+6}
  5537 | D        | Got the ring "Tanuohi" {*Drain rN++ Str-2 Dex+3}
  5539 | D        | Got the ring "Koik" {Int+8 Stlth+}
  5642 | D        | Noticed Nikola
  5650 | D        | Killed Nikola
  5661 | D        | Got a pair of crude gloves
  5672 | D        | Identified the -1 pair of gloves of Reason {rF+ Int-2 Dex+7} (You took it off Nikola in the Dungeon)
  5756 | D        | Noticed a caustic shrike
  5760 | D        | Received a gift from Yredelemnul (a vampire knight)
  5779 | D        | Killed a caustic shrike
  5779 | D        | Received a gift from Yredelemnul (a vampire)
  5795 | D        | Received a gift from Yredelemnul (a skeletal warrior)
  5797 | D        | Noticed a golden dragon
  5799 | D        | Received a gift from Yredelemnul (a profane servitor)
  5822 | D        | Killed a golden dragon
  5882 | D        | Noticed a golden dragon
  5899 | D        | Killed a golden dragon
  5921 | D        | Received a gift from Yredelemnul (a profane servitor)
  5936 | D        | Received a gift from Yredelemnul (a skeletal warrior)
  5936 | D        | Received a gift from Yredelemnul (a ghoul)
  5945 | D        | Noticed a death cob
  5958 | D        | Noticed a shadow dragon
  5960 | D        | Killed a death cob
  5962 | D        | Noticed a quicksilver dragon
  5967 | D        | Received a gift from Yredelemnul (a ghoul)
  5985 | D        | Killed a shadow dragon
  5985 | D        | Received a gift from Yredelemnul (a ghoul)
  5991 | D        | Killed a quicksilver dragon
  5991 | D        | Received a gift from Yredelemnul (a vampire knight)
  6007 | D        | Noticed a quicksilver dragon
  6015 | D        | Killed a quicksilver dragon
  6020 | D        | Noticed a storm dragon
  6021 | D        | Received a gift from Yredelemnul (a skeletal warrior)
  6033 | D        | Gained mutation: You sometimes gain a little power by taking damage. [demonic ancestry]
  6033 | D        | Reached XP level 17. HP: 142/159 MP: 6/34
  6033 | D        | Received a gift from Yredelemnul (a phantasmal warrior)
  6048 | D        | Received a gift from Yredelemnul (a profane servitor)
  6157 | D        | Noticed a curse toe
  6157 | D        | Noticed an electric golem
  6157 | D        | Noticed a quicksilver dragon
  6174 | D        | Killed a quicksilver dragon
  6174 | D        | Received a gift from Yredelemnul (a vampire)
  6192 | D        | Killed an electric golem
  6201 | D        | Killed a curse toe
  6428 | D        | Noticed an Orb Guardian
  6428 | D        | Noticed an Orb Guardian
  6428 | D        | Noticed an Orb Guardian
  6428 | D        | Noticed an Orb Guardian
  6428 | D        | Noticed an Orb Guardian
  6436 | D        | Killed an Orb Guardian
  6442 | D        | Killed an Orb Guardian
  6449 | D        | Killed an Orb Guardian
  6458 | D        | Killed an Orb Guardian
  6458 | D        | Received a gift from Yredelemnul (a vampire knight)
  6459 | D        | Noticed an Orb Guardian
  6466 | D        | Killed an Orb Guardian
  6474 | D        | Killed an Orb Guardian
  6475 | D        | Noticed an Orb Guardian
  6476 | D        | Noticed an Orb Guardian
  6477 | D        | Noticed an Orb Guardian
  6483 | D        | Killed an Orb Guardian
  6492 | D        | Killed an Orb Guardian
  6495 | D        | Killed an Orb Guardian
  6503 | D        | Noticed an Orb Guardian
  6503 | D        | Noticed an Orb Guardian
  6510 | D        | Noticed an Orb Guardian
  6518 | D        | Received a gift from Yredelemnul (a bone dragon)
  6519 | D        | Noticed an Orb Guardian
  6534 | D        | Killed an Orb Guardian
  6547 | D        | Killed an Orb Guardian
  6547 | D        | Received a gift from Yredelemnul (a vampire)
  6547 | D        | Received a gift from Yredelemnul (a phantasmal warrior)
  6566 | D        | Killed an Orb Guardian
  6566 | D        | Received a gift from Yredelemnul (a ghoul)
  6570 | D        | Killed an Orb Guardian
  6575 | D        | Noticed an ancient lich
  6601 | D        | Killed an ancient lich
  6871 | D        | Noticed an orb of fire
  6874 | D        | Gained mutation: You are clumsy. (Dex -2) [an orb of fire]
  6883 | D        | Killed an orb of fire
  6884 | D        | Received a gift from Yredelemnul (a vampire)
  6886 | D        | Noticed an electric golem
  6899 | D        | Killed an electric golem
  6958 | D        | Noticed an ancient lich
  6958 | D        | Noticed an Orb Guardian
  6961 | D        | Noticed an orb of fire
  6965 | D        | Killed an Orb Guardian
  6965 | D        | Reached XP level 18. HP: 163/177 MP: 28/35
  6965 | D        | Received a gift from Yredelemnul (a vampire knight)
  6966 | D        | Noticed an orb of fire
  6969 | D        | Noticed an orb of fire
  6979 | D        | Killed an ancient lich
  6998 | D        | Gained mutation: Your body sometimes deteriorates upon taking damage. [an orb of fire]
  7013 | D        | Gained mutation: Your system is resistant to poisons. (rPois) [an orb of fire]
  7040 | D        | Gained mutation: You passively map a small area around you. [an orb of fire]
  7042 | D        | Gained mutation: Your body often deteriorates upon taking damage. [an orb of fire]
  7043 | D        | Gained mutation: You are very clumsy. (Dex -4) [an orb of fire]
  7044 | D        | Gained mutation: You are frail. (-10% HP) [an orb of fire]
  7050 | D        | Gained mutation: You occasionally shout uncontrollably at your foes. [an orb of fire]
  7051 | D        | Killed an orb of fire
  7056 | D        | Noticed an electric golem
  7072 | D        | HP: 6/160 [orb of fire/fireball (24)]
  7073 | D        | Gained mutation: You are very frail. (-20% HP) [an orb of fire]
  7075 | D        | Killed from afar by an orb of fire

Vault maps used:
D:        linesprint

Skill      XL: |  1  2  3  4  5  6  7  8  9 10 11 12 13 14 15 16 17 18 |
---------------+-------------------------------------------------------+-----
Maces & Flails | 6 8 9 10 11 12 14 15 16 17 18 19 21 23 24 | 24.0
Armour         | 3 6 7 8 9 12 17 20 22 23 | 23.8
Shields        | 3 6 7 8 9 10 11 12 15 18 21 24 25 | 25.2
Invocations    | 3 8 10 11 15 19 23 27 | 27.0
Fighting       | 4 6 7 8 9 11 13 15 18 21 25 | 25.7
Dodging        | 2 3 5 6 7 8 9 10 | 10.7

Action                   |  1- 3 |  4- 6 |  7- 9 | 10-12 | 13-15 | 16-18 || total
-------------------------+-------+-------+-------+-------+-------+-------++-------
Melee: Flail             |    34 |     8 |       |       |       |       ||    42
       Kick              |     1 |    11 |    10 |    78 |    52 |   243 ||   395
       Morningstar       |       |    20 |    37 |   194 |   135 |    35 ||   421
       Demon whip        |       |       |       |       |       |   346 ||   346
Invok: Animate Dead      |       |       |     3 |     5 |       |       ||     8
       Injury Mirror     |       |       |     1 |     1 |       |       ||     2
       Animate Remains   |       |       |     1 |       |       |       ||     1
       Drain Life        |       |       |       |    24 |    37 |    17 ||    78
       Recall Undead Sla |       |       |       |       |     3 |     1 ||     4
Evoke: Wand              |       |       |     4 |       |       |       ||     4
  Use: Potion            |     2 |     2 |       |     1 |     1 |     2 ||     8
       Scroll            |       |       |       |       |       |    10 ||    10
 Stab: Distracted        |       |       |       |     1 |     1 |     5 ||     7
       Paralysed         |       |       |       |       |     1 |       ||     1
  Eat: Chunk             |       |       |     2 |    12 |    20 |     4 ||    38
       Ration            |       |       |       |       |       |     3 ||     3
Armor: Scale mail        |    23 |     4 |       |       |       |       ||    27
       Ring mail         |       |     5 |    15 |    30 |       |       ||    50
       Plate armour      |       |       |       |    13 |    49 |     2 ||    64
       Gold dragon scale |       |       |       |       |       |   105 ||   105
Dodge: Dodged            |    15 |     8 |    13 |    59 |    45 |    89 ||   229
Block: Shield            |    24 |    13 |    20 |    86 |    69 |   186 ||   398
       Reflection        |       |       |       |       |       |     1 ||     1

Table legend:
 A = Spawn XP
 B = Non-spawn XP
 C = Spawn XP percentage of total XP
 D = Spawn monster count
 E = Non-spawn monster count
 F = Spawn count percentage of total count
 G = Total turns spent on level
                    A         B        C        D         E        F      G
               +---------+---------+-------+---------+---------+-------+---------
         Total |       0 |  303880 |   0.0 |       0 |     384 |   0.0 |  7075
               +---------+---------+-------+---------+---------+-------+---------
             D |       0 |  303880 |   0.0 |       0 |     384 |   0.0 |  7075
               +---------+---------+-------+---------+---------+-------+---------
